TOP OF THE 1ST |
Long Island Seawolves batting - Pitching for Belvedere Park Rawhides : LHP Claudio Avelardo
|
Pitching: LHP Claudio Avelardo
|
|
Batting: RHB Abad Lugo
|
0-0: Foul Ball, location: 2F 0-1: Swinging Strike 0-2: Ball 1-2: Ball 2-2: Ball 3-2: DOUBLE (Line Drive, 7LM)
|
Batting: RHB Mark Shoffner
|
0-0: Called Strike Abad Lugo steals 3rd base 0-1: Called Strike 0-2: Ball 1-2: Foul Ball, location: 2F 1-2: Foul Ball, location: 2F 1-2: Foul Ball, location: 2F 1-2: Strikes out looking
|
Batting: LHB Pedro Colón
|
0-0: Foul Ball, location: 2F 0-1: Ball 1-1: Ball 2-1: SINGLE (Groundball, 6MD) Abad Lugo scores
|
Batting: RHB Rob McGinnity
|
0-0: Ball 1-0: Ball 2-0: Foul Ball, location: 2F 2-1: Ball 3-1: Base on Balls Pedro Colón to second
|
Batting: SHB Josh Sanders
|
0-0: Ball 1-0: Called Strike 1-1: Ball 2-1: Ground out 5-3 (Groundball, 6MS) Pedro Colón to third Rob McGinnity to second
|
Batting: RHB David Elías
|
0-0: Called Strike 0-1: Foul Ball, location: 2F 0-2: Ball 1-2: Strikes out swinging
|
Top of the 1st over - 1 run(s), 2 hit(s), 0 error(s), 2 left on base; Long Island 1 - Belvedere Park 0 |
BOTTOM OF THE 1ST |
Belvedere Park Rawhides batting - Pitching for Long Island Seawolves : LHP Jasper Sanders
|
Pitching: LHP Jasper Sanders
|
|
Batting: LHB Dan O'Day
|
0-0: Called Strike 0-1: Foul Ball, location: 2F 0-2: Ball 1-2: Foul Ball, location: 2F 1-2: Ground out 6-3 (Groundball, 6)
|
Batting: RHB José Luque
|
0-0: Foul Ball, location: 2F 0-1: Ball 1-1: Swinging Strike 1-2: Fly out, F6 (Line Drive, 6M)
|
Batting: RHB Kumanosuke Abe
|
0-0: Ball 1-0: Ball 2-0: Ball 3-0: Called Strike 3-1: Called Strike 3-2: Ground out 6-3 (Groundball, 6S)
|
Bottom of the 1st over - 0 run(s), 0 hit(s), 0 error(s), 0 left on base; Long Island 1 - Belvedere Park 0 |
TOP OF THE 2ND |
Long Island Seawolves batting - Pitching for Belvedere Park Rawhides : LHP Claudio Avelardo
|
Batting: RHB Armando Rey
|
0-0: Ball 1-0: Called Strike 1-1: SINGLE (Flyball, 9LS)
|
Batting: LHB Roberto Valle
|
0-0: Ball 1-0: SINGLE (Groundball, 15S) (infield hit) Armando Rey to second
|
Batting: LHB Michael van Berkel
|
0-0: Ball Armando Rey steals 3rd base Roberto Valle to second 1-0: Swinging Strike 1-1: Fly out, F9 (Line Drive, 9S)
|
Batting: RHB Abad Lugo
|
0-0: Ball 1-0: Ball 2-0: Ground out 1-3 (Groundball, 15S)
|
Batting: RHB Mark Shoffner
|
0-0: Ball 1-0: Ball 2-0: Foul Ball, location: 2F 2-1: Foul Ball, location: 2F 2-2: Ball 3-2: TRIPLE (Flyball, 78XD) Armando Rey scores Roberto Valle scores
|
Batting: LHB Pedro Colón
|
0-0: Called Strike 0-1: Called Strike 0-2: Strikes out swinging
|
Top of the 2nd over - 2 run(s), 3 hit(s), 0 error(s), 1 left on base; Long Island 3 - Belvedere Park 0 |
BOTTOM OF THE 2ND |
Belvedere Park Rawhides batting - Pitching for Long Island Seawolves : LHP Jasper Sanders
|
Batting: RHB José Pérez
|
0-0: Ball 1-0: Called Strike 1-1: Swinging Strike 1-2: Ball 2-2: Foul Ball, location: 2F 2-2: Foul Ball, location: 2F 2-2: Fly out, F9 (Flyball, 89M)
|
Batting: RHB Warren Willis
|
0-0: Foul Ball, location: 2F 0-1: Ball 1-1: Ball 2-1: SINGLE (Groundball, 2R) (infield hit)
|
Batting: RHB Harry Gibson
|
0-0: Called Strike 0-1: Called Strike 0-2: Ball 1-2: Ball 2-2: Foul Ball, location: 2F 2-2: Ball 3-2: Grounds into double play, 5-4-3 (Groundball, 56)
|
Bottom of the 2nd over - 0 run(s), 1 hit(s), 0 error(s), 0 left on base; Long Island 3 - Belvedere Park 0 |
TOP OF THE 3RD |
Long Island Seawolves batting - Pitching for Belvedere Park Rawhides : LHP Claudio Avelardo
|
Batting: RHB Rob McGinnity
|
0-0: Fly out, F4 (Line Drive, 4)
|
Batting: SHB Josh Sanders
|
0-0: Ball 1-0: Ball 2-0: Foul Ball, location: 2F 2-1: Foul Ball, location: 2F 2-2: Foul Ball, location: 2F 2-2: Ground out 4-3 (Groundball, 4)
|
Batting: RHB David Elías
|
0-0: Ball 1-0: Ball 2-0: SINGLE (Groundball, 6D)
|
Batting: RHB Armando Rey
|
0-0: Foul Ball, location: 2F 0-1: Ball 1-1: Hit by Pitch David Elías to second
|
Batting: LHB Roberto Valle
|
0-0: Ball 1-0: Ball 2-0: Fielders Choice at 2nd, 4-6 (Groundball, 4)
|
Top of the 3rd over - 0 run(s), 1 hit(s), 0 error(s), 1 left on base; Long Island 3 - Belvedere Park 0 |
BOTTOM OF THE 3RD |
Belvedere Park Rawhides batting - Pitching for Long Island Seawolves : LHP Jasper Sanders
|
Batting: LHB Dan Webb
|
0-0: Called Strike 0-1: Fly out, F6 (Flyball, 6MD)
|
Batting: SHB Ed Blackett
|
0-0: Called Strike 0-1: Ball 1-1: Ground out 4-3 (Groundball, 4S)
|
Batting: RHB Kevin Johnson
|
0-0: Ground out 5-3 (Groundball, 56)
|
Bottom of the 3rd over - 0 run(s), 0 hit(s), 0 error(s), 0 left on base; Long Island 3 - Belvedere Park 0 |
TOP OF THE 4TH |
Long Island Seawolves batting - Pitching for Belvedere Park Rawhides : LHP Claudio Avelardo
|
Batting: LHB Michael van Berkel
|
0-0: Ball 1-0: Fly out, F8 (Flyball, 89M)
|
Batting: RHB Abad Lugo
|
0-0: Called Strike 0-1: Ball 1-1: Ball 2-1: Ground out 6-3 (Groundball, 6)
|
Batting: RHB Mark Shoffner
|
0-0: Called Strike 0-1: Ball 1-1: Ball 2-1: Ball 3-1: SINGLE (Line Drive, 7S)
|
Batting: LHB Pedro Colón
|
0-0: Ball 1-0: Foul Ball, location: 2F 1-1: Ball 2-1: Ground out 4-3 (Groundball, 4M)
|
Top of the 4th over - 0 run(s), 1 hit(s), 0 error(s), 1 left on base; Long Island 3 - Belvedere Park 0 |
BOTTOM OF THE 4TH |
Belvedere Park Rawhides batting - Pitching for Long Island Seawolves : LHP Jasper Sanders
|
Batting: LHB Dan O'Day
|
0-0: Foul Ball, location: 2F 0-1: Ball 1-1: Ground out 1-3 (Groundball, 13S)
|
Batting: RHB José Luque
|
0-0: Ball 1-0: Fly out, F7 (Flyball, 78S)
|
Now in LF: Denis Jerningham
|
|
Batting: RHB Kumanosuke Abe
|
0-0: Called Strike 0-1: Swinging Strike 0-2: Strikes out swinging
|
Bottom of the 4th over - 0 run(s), 0 hit(s), 0 error(s), 0 left on base; Long Island 3 - Belvedere Park 0 |
TOP OF THE 5TH |
Long Island Seawolves batting - Pitching for Belvedere Park Rawhides : LHP Claudio Avelardo
|
Batting: LHB Denis Jerningham
|
0-0: Ball 1-0: Called Strike 1-1: Reached on error, E3 (Groundball, 34)
|
Batting: SHB Josh Sanders
|
0-0: Called Strike 0-1: Swinging Strike 0-2: Strikes out swinging
|
Batting: RHB David Elías
|
0-0: Fly out, F7 (Flyball, 7)
|
Batting: RHB Armando Rey
|
0-0: Ball 1-0: Called Strike 1-1: Ball 2-1: Foul Ball, location: 2F 2-2: Foul Ball, location: 2F 2-2: Ball 3-2: Strikes out swinging
|
Top of the 5th over - 0 run(s), 0 hit(s), 1 error(s), 1 left on base; Long Island 3 - Belvedere Park 0 |
BOTTOM OF THE 5TH |
Belvedere Park Rawhides batting - Pitching for Long Island Seawolves : LHP Jasper Sanders
|
Batting: RHB José Pérez
|
0-0: Ball 1-0: Called Strike 1-1: Foul Ball, location: 2F 1-2: Ball 2-2: Foul Ball, location: 2F 2-2: SINGLE (Flyball, 9LM)
|
Batting: RHB Warren Willis
|
0-0: Called Strike 0-1: Ball 1-1: Foul Ball, location: 2F 1-2: SINGLE (Groundball, 56D) José Pérez to second
|
Batting: RHB Harry Gibson
|
0-0: Swinging Strike 0-1: Sac Bunt - play at first, batter OUT! 2-3 José Pérez to third Warren Willis to second
|
Batting: LHB Dan Webb
|
0-0: Ball 1-0: SINGLE (Groundball, 34D) José Pérez scores Warren Willis to third Runner from 3rd tries for Home, SAFE, no throw
|
Batting: SHB Ed Blackett
|
0-0: Called Strike Dan Webb steals 2nd base 0-1: Swinging Strike 0-2: Fly out, F9 (Flyball, 9LSF)
|
Batting: RHB Kevin Johnson
|
0-0: Ball 1-0: Ball 2-0: SINGLE (Line Drive, 34D) Dan Webb to third
|
Batting: LHB Dan O'Day
|
0-0: Ball 1-0: Foul Ball, location: 2F 1-1: Foul Ball, location: 2F 1-2: Fly out, F6 (Popup, 6D)
|
Bottom of the 5th over - 2 run(s), 4 hit(s), 0 error(s), 2 left on base; Long Island 3 - Belvedere Park 2 |
TOP OF THE 6TH |
Long Island Seawolves batting - Pitching for Belvedere Park Rawhides : LHP Claudio Avelardo
|
Batting: LHB Roberto Valle
|
0-0: Ball 1-0: DOUBLE (Line Drive, 7LM)
|
Batting: LHB Michael van Berkel
|
0-0: Called Strike 0-1: DOUBLE (Line Drive, 9LS) Roberto Valle scores
|
Batting: RHB Abad Lugo
|
0-0: Bunted foul 0-1: Bunt missed! 0-2: Foul Ball, location: 2F 0-2: Foul Ball, location: 2F 0-2: Ball 1-2: Ground out 5-3 (Groundball, 5)
|
Batting: RHB Mark Shoffner
|
0-0: Intentional Walk
|
Pitching: LHP Bettino Banditelli
|
|
Batting: LHB Pedro Colón
|
0-0: Ball 1-0: Ball 2-0: Called Strike 2-1: Ball 3-1: Base on Balls Michael van Berkel to third Mark Shoffner to second
|
Batting: LHB Denis Jerningham
|
0-0: Ball 1-0: SINGLE (Groundball, 34D) Michael van Berkel scores Mark Shoffner to third Pedro Colón to second Runner from 3rd tries for Home, SAFE, no throw
|
Batting: SHB Josh Sanders
|
0-0: Ball 1-0: Fielders Choice at 2nd, 4-6 (Groundball, 4M) Pedro Colón to third
|
Batting: RHB David Elías
|
0-0: Called Strike 0-1: Called Strike 0-2: Ball 1-2: Strikes out swinging
|
Top of the 6th over - 3 run(s), 3 hit(s), 0 error(s), 2 left on base; Long Island 6 - Belvedere Park 2 |
BOTTOM OF THE 6TH |
Belvedere Park Rawhides batting - Pitching for Long Island Seawolves : LHP Jasper Sanders
|
Batting: RHB José Luque
|
0-0: Called Strike 0-1: Foul Ball, location: 2F 0-2: Ball 1-2: Foul Ball, location: 2F 1-2: Ground out 5-3 (Groundball, 56)
|
Batting: RHB Kumanosuke Abe
|
0-0: Ball 1-0: Ball 2-0: Foul Ball, location: 2F 2-1: Ball 3-1: Base on Balls
|
Batting: RHB José Pérez
|
0-0: 2-RUN HOME RUN (Flyball, 7D), Distance : 385 ft
|
Batting: RHB Warren Willis
|
0-0: Ball 1-0: Swinging Strike 1-1: Foul Ball, location: 2F 1-2: Ball 2-2: Foul Ball, location: 2F 2-2: Foul Ball, location: 2F 2-2: Strikes out swinging
|
Batting: RHB Harry Gibson
|
0-0: Called Strike 0-1: Ball 1-1: Ground out 6-3 (Groundball, 6)
|
Bottom of the 6th over - 2 run(s), 1 hit(s), 0 error(s), 0 left on base; Long Island 6 - Belvedere Park 4 |
TOP OF THE 7TH |
Long Island Seawolves batting - Pitching for Belvedere Park Rawhides : LHP Bettino Banditelli
|
Batting: RHB Armando Rey
|
0-0: Called Strike 0-1: Swinging Strike 0-2: Ground out 4-3 (Groundball, 4)
|
Batting: LHB Roberto Valle
|
0-0: Fly out, F7 (Flyball, 7S)
|
Batting: LHB Michael van Berkel
|
0-0: SINGLE (Groundball, 56D)
|
Batting: RHB Abad Lugo
|
0-0: Called Strike 0-1: Ball 1-1: Ground out 6-3 (Groundball, 6D)
|
Top of the 7th over - 0 run(s), 1 hit(s), 0 error(s), 1 left on base; Long Island 6 - Belvedere Park 4 |
BOTTOM OF THE 7TH |
Belvedere Park Rawhides batting - Pitching for Long Island Seawolves : LHP Jasper Sanders
|
Batting: LHB Dan Webb
|
0-0: Called Strike 0-1: Swinging Strike 0-2: Ball 1-2: Fly out, F8 (Flyball, 8LS)
|
Batting: SHB Ed Blackett
|
0-0: SINGLE (Line Drive, 4M)
|
Batting: RHB Kevin Johnson
|
0-0: Foul Ball, location: 2F 0-1: Called Strike 0-2: Ball 1-2: Fly out, F5 (Popup, 5L)
|
Batting: LHB Dan O'Day
|
0-0: Ball 1-0: Ball 2-0: Ball 3-0: Base on Balls Ed Blackett to second
|
Pinch Hitting: RHB Emmanuele Lucchetti
|
0-0: Called Strike 0-1: Foul Ball, location: 2F 0-2: Strikes out swinging
|
Bottom of the 7th over - 0 run(s), 1 hit(s), 0 error(s), 2 left on base; Long Island 6 - Belvedere Park 4 |
TOP OF THE 8TH |
Long Island Seawolves batting - Pitching for Belvedere Park Rawhides : LHP Bettino Banditelli
|
Now at 2B: Emmanuele Lucchetti
|
|
Batting: RHB Mark Shoffner
|
0-0: Swinging Strike 0-1: Foul Ball, location: 2F 0-2: Strikes out swinging
|
Batting: LHB Pedro Colón
|
0-0: Foul Ball, location: 2F 0-1: Ball 1-1: Fly out, F2 (Popup, 15S)
|
Batting: LHB Denis Jerningham
|
0-0: Ball 1-0: Ball 2-0: Ball 3-0: Base on Balls
|
Batting: SHB Josh Sanders
|
0-0: Ball 1-0: SINGLE (Groundball, 56D) Denis Jerningham to second
|
Batting: RHB David Elías
|
0-0: Called Strike 0-1: Called Strike 0-2: Ball 1-2: Foul Ball, location: 2F 1-2: Ball 2-2: Fly out, F9 (Flyball, 89M)
|
Top of the 8th over - 0 run(s), 1 hit(s), 0 error(s), 2 left on base; Long Island 6 - Belvedere Park 4 |
BOTTOM OF THE 8TH |
Belvedere Park Rawhides batting - Pitching for Long Island Seawolves : LHP Jasper Sanders
|
Batting: RHB Kumanosuke Abe
|
0-0: Called Strike 0-1: Foul Ball, location: 2F 0-2: Ball 1-2: Ball 2-2: SINGLE (Groundball, 6D)
|
Pitching: RHP Henri Paravicini
|
|
Batting: RHB José Pérez
|
0-0: Ball 1-0: Called Strike 1-1: Ball 2-1: Foul Ball, location: 2F 2-2: Ball 3-2: SINGLE (Groundball, 34D) Kumanosuke Abe to second
|
Pitching: RHP Min-gook Chong
|
|
Batting: RHB Warren Willis
|
0-0: Ball 1-0: Foul Ball, location: 2F 1-1: Ball 2-1: Foul Ball, location: 2F 2-2: Ball 3-2: DOUBLE (Line Drive, 78XD) Kumanosuke Abe scores José Pérez to third
|
Batting: RHB Harry Gibson
|
0-0: Foul Ball, location: 2F 0-1: Swinging Strike 0-2: Ball 1-2: Strikes out swinging
|
Pitching: RHP Vinny Mariani
|
|
Batting: LHB Dan Webb
|
0-0: Called Strike 0-1: Fly out, F7 (Flyball, 7LSF) Runner from 3rd tags up, SCORES, no throw
|
Pinch Hitting: RHB Jorge López
|
0-0: Ball 1-0: Ball 2-0: Ball 3-0: Called Strike 3-1: Called Strike 3-2: Base on Balls
|
Batting: RHB Kevin Johnson
|
0-0: Ball 1-0: Called Strike 1-1: Ball 2-1: Fielders Choice at 2nd, 5-4 (Groundball, 56)
|
Bottom of the 8th over - 2 run(s), 3 hit(s), 0 error(s), 1 left on base; Long Island 6 - Belvedere Park 6 |
TOP OF THE 9TH |
Long Island Seawolves batting - Pitching for Belvedere Park Rawhides : LHP Bettino Banditelli
|
Pitching: RHP Hamad Al Fardan
|
|
Now at 3B: Jorge López
|
|
Pinch Hitting: SHB Fernando Pineda
|
0-0: Swinging Strike 0-1: Called Strike 0-2: SINGLE (Groundball, 34D)
|
Pinch Runner at 1st Andrés Aguilar:
|
|
Batting: LHB Roberto Valle
|
0-0: Called Strike 0-1: DOUBLE (Groundball, 3L) Andrés Aguilar to third Runner from 3rd tries for Home, SAFE, no throw
|
Batting: LHB Michael van Berkel
|
0-0: Called Strike 0-1: SINGLE (Groundball, 15) (infield hit) Roberto Valle to third
|
Batting: RHB Abad Lugo
|
0-0: Called Strike 0-1: Ball 1-1: Ball 2-1: Ball Wild Pitch! Roberto Valle scores Michael van Berkel to second 3-1: SINGLE (Groundball, 6D) Michael van Berkel to third Runner from 3rd tries for Home, throw and OUT! Abad Lugo to second
|
Batting: RHB Mark Shoffner
|
0-0: Called Strike 0-1: Ball Abad Lugo is caught stealing 3rd base 1-1: Ball Error on foul ball, E5 2-2: SINGLE (Flyball, 78S)
|
Batting: LHB Pedro Colón
|
0-0: Called Strike 0-1: Ball 1-1: Ball 2-1: Ball 3-1: Base on Balls Mark Shoffner to second
|
Batting: LHB Denis Jerningham
|
0-0: Ball Wild Pitch! Mark Shoffner to third Pedro Colón to second 1-0: Foul Ball, location: 2F 1-1: Called Strike 1-2: Ball 2-2: Strikes out swinging
|
Top of the 9th over - 2 run(s), 5 hit(s), 1 error(s), 2 left on base; Long Island 8 - Belvedere Park 6 |
BOTTOM OF THE 9TH |
Belvedere Park Rawhides batting - Pitching for Long Island Seawolves : RHP Vinny Mariani
|
Pitching: LHP José Velasco
|
|
Now at SS: Serafino Miceli
|
|
Batting: LHB Dan O'Day
|
0-0: Called Strike 0-1: Ball 1-1: Swinging Strike 1-2: Ball 2-2: Strikes out swinging
|
Batting: RHB Emmanuele Lucchetti
|
0-0: Called Strike 0-1: Ball 1-1: Ground out 5-3 (Groundball, 56)
|
Batting: RHB Kumanosuke Abe
|
0-0: Ground out 6-3 (Groundball, 6)
|
Bottom of the 9th over - 0 run(s), 0 hit(s), 0 error(s), 0 left on base; Long Island 8 - Belvedere Park 6 |
|